 Dungeon Crawl Stone Soup version 0.30.0 (webtiles) character file.

Game seed: 8182925105304953202

12978 RustyGutBuster the Destroyer (level 11, -10/94 HPs)
             Began as a Green Draconian Transmuter on May 24, 2023.
             Was an Initiate of Gozag.
             Shot with an arrow by a centaur warrior (14 damage)
             ... on level 9 of the Dungeon on May 25, 2023.
             The game lasted 04:19:43 (14431 turns).

RustyGutBuster the Destroyer (DrTm)                Turns: 14431, Time: 04:19:43

Health: -10/94     AC: 10    Str: 16    XL:     11   Next: 69%
Magic:  12/15      EV: 12    Int: 13    God:    Gozag
Gold:   613        SH:  4    Dex: 19    Spells: 4/16 levels left

rFire   . . .        B - +10 rapier of Fate {flame, rC+}
rCold   + . .        u - +0 buckler
rNeg    . . .        (body armour unavailable)
rPois   +            (helmet restricted)
rElec   .            (no cloak)
rCorr   .            A - +2 pair of gloves
SInv    +            (no boots)
Will    .....        (no amulet)
Stlth   ++           s - ring of see invisible
HPRegen 0.35/turn    c - +6 ring of dexterity
MPRegen 0.14/turn

%: no passive effects
@: mighty, brilliant, gold aura, on berserk cooldown, slowed, very slow
A: breathe noxious fumes, AC +7, unfitting armour, poison resistance,
cold-blooded
a: Breathe Noxious Fumes, Renounce Religion, Potion Petition, Call Merchant,
Bribe Branch


You were on level 9 of the Dungeon.
You worshipped Gozag.
Gozag was pleased with you.
You visited 3 branches of the dungeon, and saw 14 of its levels.

You collected 1765 gold pieces.
You spent 324 gold pieces at shops.
You paid 828 gold pieces to Gozag.

Inventory:

Hand Weapons
 f - a +1 scimitar of flaming
 B - the +10 rapier of Fate (weapon) {flame, rC+}
   (You found it on level 6 of the Dungeon)

   rC:        It protects you from cold.
 C - a +0 demon whip of venom
 I - a +0 arbalest
 L - a +0 trident of freezing
Missiles
 b - 134 stones
 t - 5 curare-tipped darts (quivered)
 z - 20 poisoned darts
Armour
 u - a +0 buckler (worn)
 A - a +2 pair of gloves (worn)
Magical Staves
 K - a staff of conjuration
Jewellery
 c - a +6 ring of dexterity (right hand)
 s - a ring of see invisible (left hand)
Wands
 m - a wand of light (6)
 q - a wand of flame (8)
 v - a wand of roots (5)
 F - a wand of charming (11)
Scrolls
 g - a scroll of silence
 h - a scroll of noise {unknown}
 p - a scroll of enchant weapon {unknown}
 r - 3 scrolls of teleportation
 x - a scroll of amnesia {unknown}
 y - 3 scrolls of enchant armour
 D - a scroll of torment {unknown}
 J - a scroll of fear
 M - 2 scrolls of poison
Potions
 a - 2 potions of resistance
 d - a potion of curing
 e - 2 potions of mutation
 i - a potion of magic
 k - a potion of brilliance
 l - 3 potions of might
 n - a potion of haste
 o - a potion of cancellation {unknown}
 E - 3 potions of flight
Miscellaneous
 j - a lightning rod (4/4)


   Skills:
 - Level 8.0 Fighting
 - Level 5.1 Short Blades
 - Level 0.1 Throwing
 - Level 2.1 Dodging
 - Level 0.6 Stealth
 - Level 3.3 Unarmed Combat
 - Level 3.0 Spellcasting
 + Level 14.4 Conjurations
 - Level 3.0 Transmutations
 - Level 3.0 Fire Magic
 - Level 6.0 Evocations


You had 4 spell levels left.
You knew the following spells:

 Your Spells              Type           Power      Damage    Failure   Level
a - Beastly Appendage     Tmut           28%        N/A       9%          1
b - Wereblood             Tmut           14%        N/A       13%         2
c - Foxfire               Conj/Fire      100%       2x1d9     1%          1
d - Summon Small Mammal   Summ           8%         N/A       30%         1
e - Searing Ray           Conj           100%       2d8       1%          2
f - Fireball              Conj/Fire      18%        3d9       24%         5

Your spell library contained the following spells:

 Spells                   Type           Power      Damage    Failure   Level
 Magic Dart               Conj           100%       1d8       1%          1
 Fulminant Prism          Conj/Hex       15%        3d11      16%         4
 Slow                     Hex            8%         N/A       30%         1
 Lesser Beckoning         Tloc           4%         N/A       41%         2
 Spider Form              Tmut/Pois      8%         N/A       43%         3
 Confusing Touch          Hex            2%         N/A       65%         3
 Gell's Gravitas          Tloc           2%         N/A       65%         3
 Teleport Other           Tloc           2%         N/A       65%         3
 Tukima's Dance           Hex            2%         N/A       65%         3
 Vampiric Draining        Necr           2%         2d6       65%         3
 Ice Form                 Ice/Tmut       8%         N/A       85%         4
 Passage of Golubria      Tloc           2%         N/A       96%         4
 Starburst                Conj/Fire      18%        6d7       78%         6
 Yara's Violent Unravell  Hex/Tmut       4%         3d4       99%         5
 Plasma Beam              Fire/Air       4%         2x1d15    100%        6


Dungeon Overview and Level Annotations

Branches:
Dungeon (11/15)            Temple (1/1) D:7             Orc (2/2) D:9
   Lair: D:8-11         Elf: Orc:2

Altars:
Cheibriados
Dithmenos
Fedhas
Gozag
Kikubaaqudgha
Makhleb
Nemelex Xobeh
Okawaru
Qazlal
Ru
Sif Muna
Trog
Uskayaw
Vehumet
Xom
Yredelemnul
Zin
The Shining One

Shops:
D:5 [   Orc:1 ?

Annotations:
D:2 exclusion: downstairs
D:6 2 runed translucent doors
D:8 demons, exclusion: downstairs
D:10 1 exclusion
D:11 Nergalle
Orc:2 Maurice


Innate Abilities, Weirdness & Mutations

You can breathe blasts of noxious fumes.
Your lurid green scales are hard. (AC +7)
You cannot fit into any form of body armour.
Your system is resistant to poisons. (rPois)
You are cold-blooded and may be slowed by cold attacks.


Message History

The fiery explosion engulfs you!!!
* * * LOW HITPOINT WARNING * * *
The fiery explosion engulfs the centaur warrior!!
Flame seeps out of the centaur warrior.
The centaur warrior is severely wounded.
The brown ugly thing is distracted by your dazzling golden aura.
The centaur warrior is engulfed in blazing flames.
Flame seeps out of the centaur warrior. [a] - 408 gold - lignification, might and resistance [b] - 672 gold - invisibility, might, resistance and haste [c] - 312 gold - heal wounds, curing and berserk rage Purchase which effect?
You no longer have enough gold to fund merchants seeking to open stores in the dungeon.
You feel much better.
You feel better.
A red film seems to cover your vision as you go berserk!
You feel yourself moving faster!
You feel mighty!
The centaur warrior is engulfed in blazing flames.
Flame seeps out of the centaur warrior.
The centaur warrior unwields a +1 shortbow of flaming.
It stops flaming.
The centaur warrior hits you.
The centaur warrior kicks you but does no damage.
You puncture the centaur warrior! You burn the centaur warrior.
The centaur warrior explodes!
The fiery explosion engulfs you!!
You are engulfed in blazing flames.
* * * LOW HITPOINT WARNING * * *
Your lightning rod (4/4) has regained one charge.
You feel a strong urge to attack something.
You feel your anger nearly subside.
You are no longer berserk.
You are exhausted.
You feel yourself slow down.
You feel better.
The centaur warrior wields a +0 shortbow.
The centaur warrior shoots an arrow.
The arrow hits you!!
* * * LOW HITPOINT WARNING * * *
As you read the scroll of fear, it crumbles to dust.
You assume a fearsome visage.
The centaur warrior resists with almost no effort.
The centaur warrior shoots an arrow.
The arrow hits you!
You die...
Your body crumbles into a pile of gold.

.###########........#
...........#.......e#
...........#.......u#
############ ####$#
#.##$# #.c.$# #.#### #.#
#@#
################.#######
........................
........................
########################


You could see a centaur warrior (inner flame).

Vanquished Creatures
  A centaur warrior (D:9)
  Erica (D:10)
  Sonja (D:10)
  Amaemon (D:10)
  A deep elf pyromancer (D:11)
  A deep elf zephyrmancer (D:11)
  8 centaur zombies (D:10)
  An orange demon (D:9)
  2 gargoyles
  A kobold demonologist (D:9)
  2 unseen horror zombies (D:10)
  A troll (D:10)
  Sigmund (D:3)
  A shadow (D:10)
  2 wyverns
  4 yaks (D:10)
  3 vampire mosquitoes (D:10)
  A swamp drake (D:11)
  3 ice beasts
  3 orc warriors
  A water moccasin (D:11)
  A black bear (D:6)
  2 sky beasts
  A centaur (D:9)
  4 ogres
  A kobold brigand (D:9)
  4 bullfrogs
  6 scorpions
  11 wights
  3 killer bees (D:8)
  7 howler monkeys
  3 electric eels (D:9)
  A crimson imp (D:11)
  A hound (D:5)
  A gnoll bouda (D:7)
  2 jellies (D:7)
  An orc priest (D:6)
  An iron imp (D:11)
  2 iguanas
  5 orc wizards
  Natasha (thrice) (D:2)
  A howler monkey zombie (D:10)
  8 gnolls
  5 adders
  3 shadow imps
  3 white imps
  3 worms
  4 dart slugs
  18 orcs
  5 endoplasms
  3 giant cockroaches
  5 goblins
  2 hobgoblins
  11 jackals
  2 quokkas
  9 ball pythons
  2 bats
  2 frilled lizards
  15 kobolds
  8 rats
  2 foxfires
211 creatures vanquished.

Vanquished Creatures (collateral kills)
  A howler monkey (D:8)
  2 foxfires (D:9)
3 creatures vanquished.

Vanquished Creatures (others)
  A slime creature (D:9)
  A yak (D:10)
  An orc wizard (D:11)
  An orc (D:11)
  A bush (D:11)
  361 foxfires
  4 fungi
  43 plants
413 creatures vanquished.

Grand Total: 627 creatures vanquished

Notes
Turn   | Place    | Note
-------+----------+-------------------------------------------
     0 | D:1      | RustyGutBuster the Draconian Transmuter began the quest for
                  | the Orb.
     0 | D:1      | Reached XP level 1. HP: 16/16 MP: 3/3
   114 | D:1      | Reached XP level 2. HP: 19/23 MP: 3/5
   117 | D:1      | Learned a level 2 spell: Wereblood
   511 | D:1      | Found a faded altar of an unknown god.
   521 | D:1      | Got Plato's Dissertation on Formation
   692 | D:1      | Reached XP level 3. HP: 29/29 MP: 6/6
  1085 | D:2      | Learned a level 1 spell: Foxfire
  1087 | D:2      | Learned a level 1 spell: Summon Small Mammal
  1118 | D:2      | Noticed Natasha
  1131 | D:2      | Killed Natasha
  1150 | D:2      | Noticed Natasha
  1159 | D:2      | Killed Natasha
  1160 | D:2      | Reached XP level 4. HP: 37/37 MP: 5/7
  1221 | D:2      | Reached skill level 1 in Evocations
  1354 | D:2      | Noticed Natasha
  1731 | D:2      | Killed Natasha
  1732 | D:2      | Reached skill level 1 in Conjurations
  2530 | D:3      | Reached XP level 5. HP: 40/42 MP: 4/8
  2761 | D:3      | Noticed Sigmund
  3056 | D:3      | Reached skill level 2 in Conjurations
  3056 | D:3      | Reached XP level 6. HP: 38/51 MP: 9/9
  3084 | D:3      | Identified a scroll of acquirement
  3084 | D:3      | Acquired a book of Conjurations
  3089 | D:3      | Learned a level 2 spell: Searing Ray
  4028 | D:4      | Found a snail-covered altar of Cheibriados.
  4089 | D:5      | Entered Level 5 of the Dungeon
  4100 | D:4      | Reached skill level 3 in Conjurations
  4199 | D:5      | Noticed a sky beast
  4202 | D:5      | Killed a sky beast
  4203 | D:5      | Your scales start taking on a lurid green colour.
  4203 | D:5      | Reached XP level 7. HP: 60/60 MP: 5/10
  4203 | D:5      | Gained mutation: Your system is resistant to poisons.
                  | (rPois) [Green Draconian growth]
  4616 | D:5      | Found a bloodstained altar of Trog.
  5301 | D:5      | Found Isku's Armour Shoppe.
  5375 | D:6      | Reached skill level 5 in Fighting
  5561 | D:6      | Found a large runed translucent door.
  5561 | D:6      | Found a large runed translucent door.
  5579 | D:6      | Reached skill level 4 in Conjurations
  5797 | D:6      | Reached skill level 5 in Evocations
  5797 | D:6      | Reached XP level 8. HP: 58/68 MP: 4/11
  5912 | D:6      | Identified the +10 rapier of Fate {flame, rC+}
  6090 | D:6      | Found a hide-covered altar of Uskayaw.
  6690 | D:7      | Found a staircase to the Ecumenical Temple.
  6699 | Temple   | Entered the Ecumenical Temple
  6823 | Temple   | Became a worshipper of Gozag Ym Sagoz the Greedy
  6857 | D:7      | Reached skill level 5 in Conjurations
  7097 | D:7      | Found a shadowy altar of Dithmenos.
  7355 | D:7      | Found a radiant altar of Vehumet.
  7655 | D:8      | Reached skill level 6 in Conjurations
  7918 | D:8      | Reached skill level 7 in Conjurations
  8074 | D:8      | Noticed a gargoyle
  8120 | D:8      | Reached skill level 8 in Conjurations
  8120 | D:8      | Reached XP level 9. HP: 65/74 MP: 7/12
  8541 | D:8      | Reached skill level 1 in Short Blades
  9235 | D:9      | Found a staircase to the Orcish Mines.
  9460 | D:9      | Noticed Amaemon
  9467 | D:9      | Noticed an orange demon
  9482 | D:9      | Noticed a kobold demonologist
  9662 | D:9      | Killed a kobold demonologist
  9663 | D:9      | Reached skill level 5 in Short Blades
 10119 | D:3      | Killed Sigmund
 10509 | D:3      | Learned a level 5 spell: Fireball
 11080 | D:9      | Killed an orange demon
 11081 | D:9      | Reached skill level 1 in Fire Magic
 11081 | D:9      | Reached XP level 10. HP: 83/88 MP: 4/14
 11089 | D:9      | Noticed a death knight
 11143 | D:8      | Killed a gargoyle
 11264 | D:9      | Found an iron altar of Okawaru.
 11340 | D:10     | Entered Level 10 of the Dungeon
 11377 | D:10     | Reached skill level 9 in Conjurations
 11471 | D:10     | Noticed Erica
 11486 | D:10     | Killed Erica
 11487 | D:10     | Reached skill level 10 in Conjurations
 11651 | D:11     | Noticed a gargoyle
 11693 | D:10     | Reached skill level 11 in Conjurations
 11713 | D:10     | Reached XP level 11. HP: 47/94 MP: 8/15
 11750 | D:10     | Reached skill level 12 in Conjurations
 11947 | D:10     | Noticed Sonja
 12230 | D:11     | Noticed a deep elf pyromancer
 12254 | D:11     | Killed a deep elf pyromancer
 12259 | D:11     | Noticed a deep elf zephyrmancer
 12290 | D:11     | Killed a deep elf zephyrmancer
 12574 | D:11     | Reached skill level 13 in Conjurations
 12722 | D:11     | Noticed Nergalle
 12974 | D:10     | Killed Sonja
 13060 | D:10     | Found a stormy altar of Qazlal.
 13111 | D:10     | Found a basalt altar of Yredelemnul.
 13914 | D:10     | Killed Amaemon
 13915 | D:10     | Reached skill level 14 in Conjurations
 14036 | Orc:1    | Entered Level 1 of the Orcish Mines
 14184 | Orc:1    | Found Bidghuesk's Magic Scroll Shop.
 14200 | Orc:1    | Bought a scroll of teleportation for 36 gold pieces
 14200 | Orc:1    | Bought a scroll of identify for 24 gold pieces
 14200 | Orc:1    | Bought a scroll of fear for 48 gold pieces
 14200 | Orc:1    | Bought a scroll of vulnerability for 48 gold pieces
 14200 | Orc:1    | Bought a scroll of immolation for 48 gold pieces
 14200 | Orc:1    | Bought a scroll of identify for 24 gold pieces
 14200 | Orc:1    | Bought a scroll of poison for 48 gold pieces
 14200 | Orc:1    | Bought a scroll of poison for 48 gold pieces
 14266 | Orc:2    | Entered Level 2 of the Orcish Mines
 14266 | Orc:2    | Noticed Maurice
 14413 | D:9      | Noticed a deep elf pyromancer
 14416 | D:9      | Noticed a centaur warrior
 14416 | D:9      | Noticed a purple ugly thing
 14416 | D:9      | Noticed a brown ugly thing
 14422 | D:9      | Noticed a centaur warrior
 14425 | D:9      | Killed a centaur warrior
 14430 | D:9      | HP: 3/94 [centaur warrior/arrow (24)]
 14431 | D:9      | Shot with an arrow by a centaur warrior

Illustrated notes

Levels and vault maps discovered:
D:1:      dpeg_arrival_tiny_k, layout_basic, shapermc_ecumenical_altar_rom_forum
D:2:      layout_loops_ring, uniq_natasha
D:3:      minmay_angry_zag, layout_loops_corners, minivault_5, uniq_sigmund
D:4:      layout_gridville, kennysheep_mini_moat
D:5:      layout_basic, bloody_trog, serial_shops, nicolae_shop_back_alley_shop
D:6:      layout_basic, jmf_multi_god_temple2, nicolae_uskayaw_suspiria,
          minmay_misc_feat_tiny
D:7:      layout_cave_pools, nicolae_dithmenos_the_darkroom, vehumet_crystals,
          minmay_temple_entry_glassed_door
D:8:      layout_gridville
D:9:      minmay_shrinking_squares, layout_long_grid,
          mainiacjoe_overflow_cross_hatched, ashenzari_altar_1,
          general_overflow_altar, serial_bayou_lake_a, uniq_amaemon
D:10:     layout_irregular_city, nicolae_yredelemnul_corpse_copse,
          grunt_qazlal_sundering, grunt_decor_mini_mirrors, uniq_sonja,
          uniq_erica
D:11:     layout_layer_cave, minmay_lair_entry_grove, special_room
          [special_room_orc], ploomutoo_gammafunk_ghost_potion_laboratory,
          hangedman_minor_magic, uniq_lodul, uniq_psyche, uniq_harold,
          uniq_nergalle
Temple:   nicolae_temple_two_arcs
Orc:1:    layout_diamond_mine, serial_shops, shop, david_defended_altar_orc
Orc:2:    hellmonk_orc_salted, layout_caves, serial_shops, shop, basic_altar,
          gauntlet_entry_generic, uniq_maurice, uniq_urug, uniq_azrael

Skill      XL: |  1  2  3  4  5  6  7  8  9 10 11 |
---------------+----------------------------------+-----
Dodging        | 2 |  2.1
Fighting       | 2 3 4 5 7 8 |  8.0
Evocations     | 1 2 3 5 6 |  6.0
Conjurations   | 1 2 3 4 8 11 14 | 14.4
Transmutations | 3 |  3.0
Short Blades   | 5 |  5.1
Spellcasting   | 3 |  3.0
Fire Magic     | 1 3 |  3.0
Throwing       | |  0.1
Stealth        | |  0.6
Unarmed Combat | |  3.3

Action                     |  1- 3 |  4- 6 |  7- 9 | 10-12 || total
---------------------------+-------+-------+-------+-------++-------
  Melee: Unarmed           |    84 |    63 |       |       ||   147
         Tailslap          |     6 |     9 |    17 |    20 ||    52
         Kick              |     5 |    21 |    11 |    11 ||    48
         Headbutt          |     1 |    15 |     8 |     5 ||    29
         Punch             |     2 |     2 |     1 |       ||     5
         Short sword       |       |    53 |    47 |       ||   100
         Rapier            |       |       |    94 |   107 ||   201
  Throw: Stone             |     4 |     2 |     3 |     1 ||    10
         Dart              |       |       |       |    13 ||    13
   Cast: Beastly Appendage |    10 |    21 |    20 |    12 ||    63
         Wereblood         |     4 |     8 |    10 |     4 ||    26
         Foxfire           |       |    39 |   113 |    51 ||   203
         Summon Small Mamm |       |     5 |     3 |     8 ||    16
         Searing Ray       |       |       |     8 |    13 ||    21
 Invoke: Potion Petition   |       |       |       |     2 ||     2
Ability: Breathe Noxious F |       |       |       |     5 ||     5
  Evoke: Wand              |       |     4 |    21 |    22 ||    47
         Lightning rod     |       |       |       |     2 ||     2
    Use: Potion            |     2 |     2 |     2 |     7 ||    13
         Scroll            |       |     4 |    12 |    14 ||    30
   Stab: Sleeping          |       |     2 |       |       ||     2
         Invisible         |       |     1 |     1 |     3 ||     5
 Armour: Skin              |    42 |    60 |    51 |    64 ||   217
  Dodge: Dodged            |    41 |    65 |    87 |    90 ||   283
  Block: Buckler           |       |       |     8 |    25 ||    33
